 Dungeon Crawl Stone Soup version 0.30.1-4-g462c640d31 (webtiles) character file.

Game seed: 4731514581584240553

53194 FishyPogo the Fighter (level 14, -4/135 HPs)
             Began as a Green Draconian Venom Mage on Sept 4, 2023.
             Was a High Priest of Ashenzari.
             Slain by a seven-headed hydra (9 damage)
             ... on level 5 of the Lair of Beasts on Sept 13, 2023.
             The game lasted 02:20:10 (18728 turns).

FishyPogo the Fighter (Green Draconian Venom Mage) Turns: 18728, Time: 02:20:10

Health: -4/135     AC: 17    Str: 17    XL:     14   Next: 30%
Magic:  37/38      EV: 13    Int: 20    God:    Ashenzari [*****.]
Gold:   483        SH:  6    Dex:  8    Spells: 1/36 levels left

rFire   + + +        a - +3 dagger "Overhang to Understand" {venom, Comp, Alch} (curse)
rCold   . . .        Q - +1 buckler "Augurer of Ashenzari" {rF+, Evo, Bglg} (curse)
rNeg    . . .        (body armour unavailable)
rPois   +            (helmet restricted)
rElec   .            A - +2 cloak of Desmomancy {Fort, Elem} (curse)
rCorr   .            u - +2 pair of gloves "Cursed Optimism" {Evo, Self} (curse)
SInv    +            N - +2 pair of boots "Per Aspera Ad Scientiam" {Alch, Elem} (curse)
Will    +....        C - amulet "Ennui of Ashenzari" {RegenMP, Fort, Elem} (curse)
Stlth   ++           t - ring of the Fated Orthodoxy {rF+, Comp, Cun} (curse)
HPRegen 0.42/turn    P - ring of Star-Bound Wisdom {MP+9 Str+6 Dex-4, Self, Comp} (curse)
MPRegen 0.66/turn

%: clarity
@: about to teleport, wereblooded
A: breathe noxious fumes, AC +8, unfitting armour, stinger 1, poison resistance,
cold-blooded, berserk 2, fire resistance 1
a: Breathe Noxious Fumes, Renounce Religion, Curse Item, Shatter the Chains


You were on level 5 of the Lair of Beasts.
You worshipped Ashenzari.
Ashenzari was extremely pleased with you.
You visited 3 branches of the dungeon, and saw 18 of its levels.
You also visited: Sewer and Volcano.

You collected 1278 gold pieces.
You spent 795 gold pieces at shops.

Inventory:

Hand Weapons
 a - the cursed +3 dagger "Overhang to Understand" (weapon) {venom, Comp, Alch}
   (You took it off a goblin on level 1 of the Dungeon)

   It has a curse which improves the following skills: Companions: Summonings
   and Necromancy.
   Alchemy:   Poison Magic and Transmutations.
Missiles
 c - 23 poisoned darts
 e - 4 boomerangs
 i - 16 stones
 R - 3 boomerangs of dispersal
 T - 5 javelins
Armour
 r - a +1 cloak of willpower
 u - the cursed +2 pair of gloves "Cursed Optimism" (worn) {Evo, Self}
   (You found it on level 3 of the Dungeon)

   It has a curse which improves the following skills: Evocations: Evocations.
   Introspection: Fighting and Spellcasting.
 A - the cursed +2 cloak of Desmomancy (worn) {Fort, Elem}
   (You took it off Crazy Yiuf on level 4 of the Dungeon)

   It has a curse which improves the following skills: Fortitude: Shields.
   Elements:  Fire Magic, Ice Magic, Air Magic and Earth Magic.
 J - a +2 pair of gloves
 N - the cursed +2 pair of boots "Per Aspera Ad Scientiam" (worn) {Alch, Elem}
   (You bought it in a shop on level 9 of the Dungeon)

   It has a curse which improves the following skills: Alchemy: Poison Magic and
   Transmutations.
   Elements:  Fire Magic, Ice Magic, Air Magic and Earth Magic.
 Q - the cursed +1 buckler "Augurer of Ashenzari" (worn) {rF+, Evo, Bglg}
   (You took it off a tengu warrior on level 10 of the Dungeon)

   It has a curse which improves the following skills: Evocations: Evocations.
   Beguiling: Conjurations, Hexes and Translocations.
 Y - a +2 cloak of preservation
Jewellery
 t - the cursed ring of the Fated Orthodoxy (left hand) {rF+, Comp, Cun}
   (You found it on level 9 of the Dungeon)

   [ring of protection from fire]

   rF:        It protects you from fire.
   It has a curse which improves the following skills: Companions: Summonings
   and Necromancy.
   Cunning:   Dodging and Stealth.
 C - a cursed amulet "Ennui of Ashenzari" (around neck) {RegenMP, Fort, Elem}
   (You found it on level 4 of the Dungeon)

   [amulet of magic regeneration]

   It increases your rate of magic regeneration.
   It has a curse which improves the following skills: Fortitude: Shields.
   Elements:  Fire Magic, Ice Magic, Air Magic and Earth Magic.
 P - the cursed ring of Star-Bound Wisdom (right hand) {MP+9 Str+6 Dex-4, Self, Comp}
   (You found it on level 1 of the Lair of Beasts)

   [ring of magical power]

   Str:       It affects your strength (+6).
   Dex:       It affects your dexterity (-4).
   MP:        It affects your magic capacity (+9).
   It has a curse which improves the following skills: Introspection: Fighting
   and Spellcasting.
   Companions: Summonings and Necromancy.
Wands
 B - a wand of digging (13)
Scrolls
 g - a scroll of identify
 h - 7 scrolls of teleportation
 q - a scroll of magic mapping
 s - 4 scrolls of fear
 x - 4 scrolls of torment
 G - 3 scrolls of fog
 O - a scroll of silence
 S - 2 scrolls of vulnerability
 V - a scroll of amnesia
 Z - 2 scrolls of enchant armour
Potions
 b - a potion of haste
 d - a potion of heal wounds
 f - 7 potions of brilliance
 j - 2 potions of flight
 l - 4 potions of magic
 m - 2 potions of cancellation
 n - 5 potions of lignification
 o - 4 potions of mutation
 v - 3 potions of resistance
 z - 6 potions of curing
 E - a potion of berserk rage
 H - 5 potions of invisibility
 I - 3 potions of might
 M - 2 potions of attraction


   Skills:
 + Level 12.1(15.2) Fighting
 - Level 7.0 Short Blades
 + Level 5.0(7.1) Dodging
 - Level 2.0(3.6) Stealth
 + Level 3.2(5.9) Shields
 + Level 7.4 Unarmed Combat
 * Level 8.7(11.9) Spellcasting
 - Level 4.0(6.0) Conjurations
 - Level 10.8(15.0) Necromancy
 + Level 8.3(11.5) Transmutations
 + Level 4.3(8.1) Fire Magic
 - Level 5.5(9.5) Air Magic
 - Level 4.2(8.0) Earth Magic
 - Level 7.7(11.0) Poison Magic


You had one spell level left.
You knew the following spells:

 Your Spells              Type           Power      Damage    Failure   Level
a - Sting                 Tmut/Pois      100%       1d8       1%          1
b - Poisonous Vapours     Pois/Air       100%       N/A       1%          2
c - Mephitic Cloud        Conj/Pois/Air  47%        N/A       1%          3
d - Dispel Undead         Necr           64%        3d22      1%          4
e - Vhi's Electric Charg  Tloc/Air       62%        N/A       2%          3
f - Cigotuvi's Dreadful   Necr/Pois/Air  100%       N/A       1%          2
g - Olgreb's Toxic Radia  Pois           54%        N/A       1%          4
h - Blade Hands           Tmut           27%        N/A       1%          5
i - Wereblood             Tmut           55%        N/A       1%          2
k - Death Channel         Necr           32%        N/A       2%          6
l - Stone Arrow           Conj/Erth      80%        3d12      1%          3

Your spell library contained the following spells:

 Spells                   Type           Power      Damage    Failure   Level
 Sandblast                Erth           88%        2d18      1%          1
 Passwall                 Tmut/Erth      41%        N/A       1%          2
 Sublimation of Blood     Necr           64%        N/A       1%          2
 Ignite Poison            Fire/Tmut/Pois 52%        N/A       1%          3
 Sticky Flame             Conj/Fire      40%        2d6       3%          4
 Irradiate                Conj/Tmut      23%        3d19      5%          5
 Arcjolt                  Conj/Air       21%        1d31      8%          5
 Freezing Cloud           Conj/Ice/Air   16%        6-21      22%         5
 Dragon Form              Tmut           27%        N/A       45%         7
 Summon Hydra             Summ           7%         N/A       100%        7
 Discord                  Hex            6%         N/A       100%        8
 Ignition                 Fire           22%        3d8       100%        8
 Maxwell's Capacitive Co  Air            25%        ∞         100%        8


Dungeon Overview and Level Annotations

Branches:
Dungeon (12/15)            Temple (1/1) D:4            Lair (5/5) D:11
  Swamp (0/4) Lair:3        Snake (0/4) Lair:3        Slime (0/5) Lair:4
    Orc (0/2) D:12          Sewer (visited)         Volcano (visited)

Altars:
Ashenzari
Cheibriados
Dithmenos
Elyvilon
Fedhas
Gozag
Hepliaklqana
Kikubaaqudgha
Makhleb
Nemelex Xobeh
Okawaru
Qazlal
Ru
Sif Muna
Trog
Uskayaw
Vehumet
Wu Jian
Xom
Yredelemnul
Zin
The Shining One
Jiyva

Shops:
D:7 :   D:9 *   D:11 :

Annotations:
D:7 1 runed translucent door, ANNNA's ghost, novice MiBe
D:8 3 runed translucent doors, SnailSD's ghost, novice MiBe
D:12 Erolcha


Innate Abilities, Weirdness & Mutations

You can breathe blasts of noxious fumes.
Your lurid green scales are hard. (AC +8)
You cannot fit into any form of body armour.
Your tail ends in a venomous barb.
Your system is resistant to poisons. (rPois)
You are cold-blooded and may be slowed by cold attacks.
You have an uncontrollable temper.
Your flesh is heat resistant. (rF+)


Message History

You throw a poisoned dart.
The poisoned dart hits the seven-headed hydra.
The seven-headed hydra is poisoned.
The seven-headed hydra is lightly wounded.
You hear a splash.
Casting: Stone Arrow (safe; 1% risk of failure)
Confirm with . or Enter, or press ? or * to list all spells.
Aiming: Stone Arrow (safe; 1% risk of failure)
Press: ? - help, Shift-Dir - straight line, f/p - seven-headed hydra
Aim: a seven-headed hydra (lightly wounded, poisoned, 92% to hit)
The stone arrow hits the seven-headed hydra!
The seven-headed hydra is lightly wounded.
Unknown command.
You hit the seven-headed hydra.
Your tail-slap misses the seven-headed hydra.
The seven-headed hydra is lightly wounded.
The seven-headed hydra bites you but does no damage. x3
The seven-headed hydra bites you! The seven-headed hydra bites you. x2
The seven-headed hydra bites you but does no damage.
Unknown command.
Okay, then.
As you read the scroll of teleportation, it crumbles to dust.
You feel strangely unstable. The seven-headed hydra bites you!
* * * LOW HITPOINT WARNING * * *
The seven-headed hydra bites you but does no damage. x3
The seven-headed hydra bites you.
* * * LOW HITPOINT WARNING * * *
The seven-headed hydra bites you but does no damage.
The seven-headed hydra barely misses you.
You hit the seven-headed hydra. You tail-slap the seven-headed hydra!
The seven-headed hydra looks even sicker.
The seven-headed hydra is moderately wounded.
The seven-headed hydra bites you but does no damage.
The seven-headed hydra closely misses you. x2
The seven-headed hydra bites you!
* * * LOW HITPOINT WARNING * * *
The seven-headed hydra bites you!
* * * LOW HITPOINT WARNING * * *
The seven-headed hydra bites you!
You die...

#...<.....# # #.#.....P##### #
#####...###.P# #### #
###.....#..#* ##..####
#..........# ###.#...##
##..........# ###.........
#...........#### ##..÷....P#P.
#......#.....#.###.....PP..#..
##....##....†@.÷..#..##....##.
#...♣♣#♣...D##......##.....#.
####♣♣♣♣...~##.....P.##....##
**♣~P~(~~~~....P...##....# *
♣~P~~~~P~~..........##...#
~P~~≈≈~~~~~.....#.....##...
~~~≈≈~~~P~~P....###....##..
*~~≈≈~≈≈≈~~~.......,###.....[
* P≈≈≈≈≈≈~~~.......P,,###..##


You could see a seven-headed hydra (very poisoned).

Vanquished Creatures
  Josephine (D:12)
  A hydra (Lair:4)
  2 catoblepae
  9 two-headed ogres
  A tengu warrior (D:10)
  3 death yaks (Lair:4)
  A boulder beetle (D:11)
  A skyshark (Lair:5)
  A deep troll (Lair:3)
  Pikel (D:3)
  3 deep elf pyromancers
  2 manticores
  12 elephants
  An ugly thing (D:11)
  4 black mambas
  2 cyclopes
  An orange demon (D:12)
  A gargoyle (D:12)
  11 cane toads
  Psyche (D:8)
  2 rime drakes
  4 komodo dragons
  A troll (D:12)
  A tyrant leech (Lair:3)
  3 polar bears
  4 hornets
  7 blink frogs
  42 yaks
  13 wyverns
  3 fire bats (Volcano)
  7 wraiths
  A swamp worm (Lair:3)
  2 nagas (Lair:3)
  3 acid dragons
  2 hell hounds (Volcano)
  8 water moccasins
  Duvessa (D:4)
  5 orc warriors
  2 ice beasts
  2 black bears
  12 wolves
  A lemure (D:3)
  12 centaurs
  A phantom (D:5)
  2 kobold brigands
  11 bullfrogs
  A gnoll sergeant (D:12)
  A scorpion (D:7)
  12 wights
  Dowan (D:4)
  3 killer bees (D:9)
  6 howler monkeys
  10 orc priests
  3 jellies
  Crazy Yiuf (D:4)
  4 iguanas
  Ijyb (D:5)
  Natasha (thrice) (D:4)
  15 orc wizards
  6 gnolls
  3 river rats (Sewer)
  6 adders
  2 shadow imps
  A white imp (D:6)
  An ufetubus (D:5)
  2 worms
  2 dart slugs
  39 orcs
  4 bats
  5 endoplasms
  4 giant cockroaches
  7 goblins
  4 hobgoblins
  2 jackals (D:4)
  6 quokkas
  19 ball pythons
  5 frilled lizards
  15 kobolds
  29 rats
  2 butterflies (Lair:1)
436 creatures vanquished.

Vanquished Creatures (collateral kills)
  A hydra (Lair:4)
  A catoblepas (Lair:5)
  5 elephants (Lair:4)
  5 cane toads
  2 rime drakes
  A komodo dragon (Lair:2)
  10 yaks
  A warg (Lair:5)
  2 water moccasins (Lair:5)
  4 wolves
  A gnoll (D:12)
33 creatures vanquished.

Grand Total: 469 creatures vanquished

Notes
Turn   | Place    | Note
-------+----------+-------------------------------------------
     0 | D:1      | FishyPogo the Draconian Venom Mage began the quest for the
                  | Orb.
     0 | D:1      | Reached XP level 1. HP: 14/14 MP: 3/3
   265 | D:1      | Found a faded altar of an unknown god.
   270 | D:1      | Reached XP level 2. HP: 20/20 MP: 3/5
   402 | D:1      | Learned a level 2 spell: Poisonous Vapours
   801 | D:1      | Reached skill level 1 in Conjurations
  1152 | D:2      | Reached skill level 1 in Fighting
  1153 | D:2      | Reached XP level 3. HP: 28/28 MP: 3/6
  1158 | D:2      | Learned a level 3 spell: Mephitic Cloud
  2003 | D:3      | Found a glowing golden altar of the Shining One.
  2178 | D:3      | Reached skill level 1 in Short Blades
  2178 | D:3      | Reached XP level 4. HP: 23/35 MP: 2/7
  2522 | D:3      | Found a glowing drain.
  2566 | D:3      | Reached XP level 5. HP: 27/41 MP: 4/9
  2584 | Sewer    | Entered a sewer
  2708 | Sewer    | Reached skill level 2 in Fighting
  3027 | Sewer    | Reached skill level 1 in Air Magic
  3040 | Sewer    | Reached skill level 1 in Necromancy
  3141 | Sewer    | Reached XP level 6. HP: 5/48 MP: 10/10
  3185 | Sewer    | Gained mutation: You sometimes lose your temper in combat.
                  | [potion of mutation]
  3185 | Sewer    | Gained mutation: You have an uncontrollable temper. [potion
                  | of mutation]
  3185 | Sewer    | Gained mutation: Your tail ends in a venomous barb. [potion
                  | of mutation]
  3185 | Sewer    | Gained mutation: Your flesh is heat resistant. (rF+)
                  | [potion of mutation]
  3336 | D:3      | Found a shimmering blue altar of Sif Muna.
  3891 | D:4      | Noticed Natasha
  3920 | D:4      | Killed Natasha
  3959 | D:4      | Noticed Pikel
  3972 | D:3      | Killed Pikel
  3973 | D:3      | Reached skill level 3 in Fighting
  3973 | D:3      | Reached skill level 1 in Unarmed Combat
  3973 | D:3      | Your scales start taking on a lurid green colour.
  3973 | D:3      | Reached skill level 5 in Poison Magic
  3973 | D:3      | Reached XP level 7. HP: 58/58 MP: 4/12
  3973 | D:3      | Gained mutation: Your system is resistant to poisons.
                  | (rPois) [Green Draconian growth]
  3982 | D:3      | Learned a level 4 spell: Olgreb's Toxic Radiance
  4183 | D:4      | Noticed Duvessa
  4190 | D:4      | Noticed Dowan
  4298 | D:4      | Found a runed translucent door.
  4299 | D:4      | Noticed Crazy Yiuf
  4307 | D:4      | Killed Crazy Yiuf
  4373 | D:4      | Found an ancient bone altar of Kikubaaqudgha.
  4402 | D:4      | Found an ornate altar of the Wu Jian Council.
  4461 | D:4      | Noticed Natasha
  4467 | D:4      | Killed Natasha
  4468 | D:4      | Reached XP level 8. HP: 66/66 MP: 8/13
  4487 | D:4      | Killed Duvessa
  4499 | D:4      | Killed Dowan
  4610 | D:4      | Found a staircase to the Ecumenical Temple.
  4621 | D:4      | Noticed Natasha
  4628 | D:4      | Killed Natasha
  4654 | Temple   | Entered the Ecumenical Temple
  4743 | Temple   | Became a worshipper of Ashenzari the Shackled
  4899 | D:5      | Entered Level 5 of the Dungeon
  4917 | D:5      | Noticed Ijyb
  4930 | D:5      | Reached skill level 4 in Fighting
  4932 | D:5      | Killed Ijyb
  5084 | D:5      | Learned a level 3 spell: Vhi's Electric Charge
  5087 | D:5      | Learned a level 2 spell: Cigotuvi's Dreadful Rot
  5787 | D:6      | Reached XP level 9. HP: 54/71 MP: 12/15
  6063 | D:6      | Found a snail-covered altar of Cheibriados.
  6064 | D:6      | Found a radiant altar of Vehumet.
  6269 | D:7      | Found Gevvil Pohe's Tremendous Tomes.
  6307 | D:7      | Reached * piety under Ashenzari
  6459 | D:7      | Reached skill level 5 in Fighting
  6694 | D:7      | Reached skill level 5 in Necromancy
  6814 | D:7      | Found a runed translucent door.
  6815 | D:7      | Noticed ANNNA's ghost (novice MiBe)
  6950 | D:8      | Reached skill level 5 in Unarmed Combat
  6956 | D:8      | Reached skill level 6 in Fighting
  6964 | D:8      | Reached XP level 10. HP: 83/83 MP: 4/16
  7143 | D:8      | Noticed Psyche
  7152 | D:8      | Killed Psyche
  7158 | D:8      | Reached ** piety under Ashenzari
  7198 | D:8      | Found an opulent altar of Gozag.
  7561 | D:8      | Found a runed translucent gate.
  7562 | D:8      | Found a runed translucent gate.
  7564 | D:8      | Found a runed translucent gate.
  7564 | D:8      | Noticed SnailSD's ghost (novice MiBe)
  7925 | D:9      | Found a hazy altar of Hepliaklqana.
  8067 | D:9      | Noticed a two-headed ogre
  8068 | D:9      | Reached skill level 5 in Transmutations
  8077 | D:9      | Killed a two-headed ogre
  8241 | D:9      | Noticed a two-headed ogre
  8242 | D:9      | Reached *** piety under Ashenzari
  8256 | D:9      | Killed a two-headed ogre
  8257 | D:9      | Reached skill level 7 in Fighting
  8257 | D:9      | Reached skill level 5 in Spellcasting
  8291 | D:9      | Found Tig Ziupp's Assorted Antiques.
  8294 | D:9      | Bought a red potion for 23 gold pieces
  8294 | D:9      | Bought a clear potion for 23 gold pieces
  8294 | D:9      | Bought a potion of attraction for 78 gold pieces
  8294 | D:9      | Bought a pair of runed boots for 195 gold pieces
  8467 | D:9      | Learned a level 4 spell: Dispel Undead
  8653 | D:9      | Found a sparkling altar of Nemelex Xobeh.
  8817 | D:10     | Entered Level 10 of the Dungeon
  8836 | D:10     | Noticed a tengu warrior
  8855 | D:10     | Killed a tengu warrior
  8856 | D:10     | Reached skill level 1 in Shields
  9008 | D:10     | Reached XP level 11. HP: 95/95 MP: 10/21
 10199 | D:11     | Noticed a boulder beetle
 10218 | D:11     | Killed a boulder beetle
 10242 | D:11     | Noticed a purple ugly thing
 10260 | D:11     | Killed a purple ugly thing
 10263 | D:11     | Reached **** piety under Ashenzari
 10304 | D:11     | Noticed a deep elf pyromancer
 10310 | D:11     | Killed a deep elf pyromancer
 10333 | D:11     | Found Anigadoth's Book Boutique.
 10334 | D:11     | Found a staircase to the Lair.
 10398 | D:11     | Noticed a two-headed ogre
 10412 | D:11     | Killed a two-headed ogre
 10413 | D:11     | Reached skill level 8 in Fighting
 10413 | D:11     | Reached skill level 5 in Air Magic
 10681 | D:11     | Reached skill level 5 in Short Blades
 11010 | D:12     | Noticed a deep elf pyromancer
 11010 | D:12     | Found a staircase to the Orcish Mines.
 11014 | D:12     | Noticed a deep elf pyromancer
 11025 | D:11     | Killed a deep elf pyromancer
 11066 | D:12     | Noticed a two-headed ogre
 11067 | D:12     | Noticed a two-headed ogre
 11113 | D:12     | Killed a deep elf pyromancer
 11200 | D:12     | Noticed Josephine
 11236 | D:12     | Killed Josephine
 11292 | D:12     | Reached XP level 12. HP: 64/107 MP: 23/23
 11299 | D:12     | Learned a level 6 spell: Death Channel
 11410 | D:12     | Killed a two-headed ogre
 11571 | D:12     | Killed a two-headed ogre
 11702 | D:12     | Noticed Erolcha
 11772 | Lair:1   | Entered Level 1 of the Lair of Beasts
 11924 | Lair:1   | Identified the ring "Plog" {MP+9 Str+6 Dex-4}
 12210 | Lair:1   | Reached ***** piety under Ashenzari
 12217 | Lair:1   | Learned a level 5 spell: Blade Hands
 12247 | Lair:1   | Identified the cursed +3 dagger "Overhang to Understand"
                  | {venom, Comp, Alch} (You took it off a goblin on level 1 of
                  | the Dungeon)
 12247 | Lair:1   | Identified the cursed +2 pair of gloves "Cursed Optimism"
                  | {Evo, Self} (You found it on level 3 of the Dungeon)
 12247 | Lair:1   | Identified the cursed +1 buckler "Augurer of Ashenzari"
                  | {rF+, Evo, Bglg} (You took it off a tengu warrior on level
                  | 10 of the Dungeon)
 12251 | Lair:1   | Noticed a catoblepas
 12287 | Lair:1   | Killed a catoblepas
 12354 | D:12     | Reached skill level 9 in Fighting
 12375 | D:12     | HP: 2/112 [slime creature (11)]
 12793 | Lair:1   | Reached skill level 10 in Necromancy
 13932 | Lair:2   | Reached skill level 5 in Dodging
 14972 | Lair:3   | Reached XP level 13. HP: 117/117 MP: 18/27
 14979 | Lair:3   | Reached skill level 10 in Fighting
 14981 | Lair:3   | Found a dark tunnel.
 14988 | Volcano  | Entered a volcano
 15068 | Volcano  | Reached skill level 11 in Fighting
 15311 | Lair:3   | Learned a level 3 spell: Stone Arrow
 15326 | Lair:3   | Reached skill level 1 in Earth Magic
 15512 | D:11     | Bought a book of Blood for 476 gold pieces
 15910 | Lair:3   | Found a staircase to the Swamp.
 16155 | Lair:3   | Identified a scroll of acquirement
 16161 | Lair:3   | Acquired a +2 cloak of preservation
 16438 | Lair:3   | Found a staircase to the Snake Pit.
 17249 | Lair:4   | Reached skill level 1 in Fire Magic
 17619 | Lair:4   | Mutation became permanent: Your tail ends in a venomous
                  | barb. [Green Draconian growth]
 17619 | Lair:4   | Gained mutation: Your tail ends in a venomous barb. [Green
                  | Draconian growth]
 17619 | Lair:4   | Reached XP level 14. HP: 97/130 MP: 12/28
 18128 | Lair:4   | Found a viscous altar of Jiyva.
 18128 | Lair:4   | Found a staircase to the Slime Pits.
 18261 | Lair:5   | Entered Level 5 of the Lair of Beasts
 18282 | Lair:5   | Learned a level 2 spell: Wereblood
 18309 | Lair:5   | Paralysed by a hornet for 2 turns
 18394 | Lair:5   | Reached skill level 12 in Fighting
 18728 | Lair:5   | HP: 5/135 [seven-headed hydra (13)]
 18728 | Lair:5   | Slain by a seven-headed hydra

Illustrated notes

Levels and vault maps discovered:
D:1:      dpeg_arrival_three_same_balls, layout_loops_ring,
          basic_ecumenical_altar, minmay_hexomino_p4
D:2:      layout_basic, minmay_lizard_pond
D:3:      layout_loops_ring, lemuel_doored_altar, tso_metal_star,
          portal_sewer_entry_f, amethyst_killhole
D:4:      layout_cave_pools, pdpol_wu_jian_five_deadly_venoms,
          kiku_gazebo_pond_becter, minmay_temple_entry_slanted,
          uniq_crazy_yiuf_cottage, uniq_pikel, uniq_duvessa, uniq_natasha
D:5:      layout_gridville, minmay_misc_feat_nine_boxes, uniq_ijyb
D:6:      layout_rooms, nicolae_overflow_hidden_temple
D:7:      layout_basic, ebering_ghost_reflecting_pool,
          nicolae_shop_i_like_big_books, chequers_mini_garden
D:8:      layout_loops_ring, nicolae_gozag_cash_rules_everything_around_me,
          gammafunk_ghost_spectres, uniq_psyche
D:9:      layout_cave_pools, old_standard_altar,
          worldfamousw_hep_ancestral_shrine, serial_shops, kennysheep_mini
D:10:     layout_roguey
D:11:     layout_basic, lair_entry_dummy, serial_shops, shop, st_stairs_8
D:12:     layout_rooms, orc_0_dummy, minmay_beelzebubs_servants, uniq_josephine,
          uniq_erolcha
Temple:   dshaligram_water_room_temple
Lair:1:   layout_layer_cave, lemuel_fruit_fields, lemuel_fruit_fields,
          lemuel_fruit_fields
Lair:2:   layout_regular_city
Lair:3:   dreamdust_cave_troll, layout_layer_cave, minmay_swamp_entry_worms,
          minmay_snake_entry_guardpost_small, nicolae_volcano_entry_two_sided,
          grunt_megastairs_4
Lair:4:   layout_regular_city, dpeg_slime_entry_enclosed,
          nicolae_lair_grazing_beasts [nicolae_sub_lair_graze_edge,
          nicolae_sub_lair_graze_edge, nicolae_sub_lair_graze_edge,
          nicolae_sub_lair_graze_edge], infiniplex_staircase_pool_2
Lair:5:   hangedman_lair_tendril_chambers, layout_cellular_growth,
          hangedman_lair_caniforms_friends, basic_altar, serial_bayou_shore_a,
          serial_bayou_shore_b

Skill      XL: |  1  2  3  4  5  6  7  8  9 10 11 12 13 14 |
---------------+-------------------------------------------+-----
Stealth        | 2 |  2.0
Dodging        | 2 4 5 |  5.0
Conjurations   | 1 2 3 4 |  4.0
Fighting       | 1 2 3 4 6 7 8 9 11 12 | 12.1
Short Blades   | 1 2 4 5 7 |  7.0
Spellcasting   | 3 4 5 7 8 |  8.7
Air Magic      | 1 3 4 5 |  5.5
Necromancy     | 1 3 4 5 7 9 10 | 10.8
Poison Magic   | 5 7 |  7.7
Unarmed Combat | 1 3 5 6 7 |  7.4
Transmutations | 4 5 7 8 |  8.3
Shields        | 1 3 |  3.2
Earth Magic    | 4 |  4.2
Fire Magic     | 3 4 |  4.3

Action                     |  1- 3 |  4- 6 |  7- 9 | 10-12 | 13-15 || total
---------------------------+-------+-------+-------+-------+-------++-------
  Melee: Dagger            |    48 |   129 |   160 |   391 |   205 ||   933
         Unarmed           |     2 |       |       |    12 |    21 ||    35
         Tailslap          |     3 |    15 |    31 |   101 |    48 ||   198
         Punch             |       |       |       |       |     1 ||     1
  Throw: Boomerang         |       |       |       |     1 |       ||     1
         Dart              |       |       |       |       |     1 ||     1
         Javelin           |       |       |       |       |     1 ||     1
   Cast: Sting             |    37 |    45 |    74 |   180 |    93 ||   429
         Poisonous Vapours |     6 |    25 |    41 |    34 |    18 ||   124
         Mephitic Cloud    |       |       |    13 |    28 |    36 ||    77
         Cigotuvi's Dreadf |       |       |     1 |       |       ||     1
         Olgreb's Toxic Ra |       |       |       |    77 |    39 ||   116
         Dispel Undead     |       |       |       |    15 |       ||    15
         Vhi's Electric Ch |       |       |       |     2 |     1 ||     3
         Death Channel     |       |       |       |     5 |     6 ||    11
         Blade Hands       |       |       |       |     4 |     5 ||     9
         Stone Arrow       |       |       |       |       |    37 ||    37
         Wereblood         |       |       |       |       |     1 ||     1
 Invoke: Curse Item        |       |       |     2 |     6 |       ||     8
Ability: Breathe Noxious F |       |       |     9 |    16 |    15 ||    40
         End Transformatio |       |       |       |       |     1 ||     1
    Use: Scroll            |     5 |     6 |     6 |     4 |     2 ||    23
         Potion            |     3 |     2 |       |     7 |     1 ||    13
   Stab: Confused          |       |       |     8 |    13 |    11 ||    32
         Betrayed ally     |       |       |     3 |       |       ||     3
         Sleeping          |       |       |       |     1 |       ||     1
         Distracted        |       |       |       |       |     1 ||     1
         Petrified         |       |       |       |       |     2 ||     2
 Armour: Skin              |    22 |    58 |    60 |   139 |   105 ||   384
  Dodge: Dodged            |    32 |   106 |    78 |   237 |   151 ||   604
  Block: Buckler           |       |       |       |    75 |    58 ||   133
